 Dungeon Sprint DCSS version 0.21-a0-584-g185da8e (webtiles) character file.

298690 tsouns the Slayer (level 18, -30/179 HPs)
             Began as a Demonspawn Berserker on Dec 21, 2017.
             Was a High Priest of Trog.
             Annihilated by an Orb Guardian (50 damage)
             ... in the Dungeon (Sprint IX: "|||||||||||||||||||||||||||||").
             The game lasted 00:43:57 (5202 turns).

tsouns the Slayer (Demonspawn Berserker)            Turns: 5202, Time: 00:44:00

Health: -30/179    AC: 33    Str: 30    XL:     18   Next: 65%
Magic:  11/11      EV: 23    Int: 10    God:    Trog [*****.]
Gold:   466        SH:  0    Dex: 15    Spells: 17/17 levels left

rFire    + . .     SeeInvis +   I - +9 triple sword (antimagic)
rCold    + . .     Gourm    .   (shield currently unavailable)
rNeg     + + .     Faith    .   G - +3 shadow dragon scales
rPois    +         Spirit   .   L - +0 helmet {SInv}
rElec    .         Reflect  .   R - scarf {cloud immunity}
rCorr    .         Harm     .   B - +1 pair of gloves
MR       +....     NoTele   +   K - +0 pair of boots of Nushowkui {+Blink Int+2}
Stlth    +++++++++.             J - amulet of regeneration
HPRegen  0.79/turn              j - ring "Kuosuran" {rPois rF+ rC+ Stlth+}
MPRegen  0.12/turn              q - ring of the Princess {-Tele rPois rN++ Str+6 Slay+5}

@: no status effects
A: talons 2, molten scales 2, powered by death 3, spiny 2
}: 5/15 runes: decaying, serpentine, barnacled, silver, gossamer
a: Berserk, Trog's Hand, Brothers in Arms, Burn Spellbooks, Renounce Religion,
Evoke Blink


You were in the Dungeon.
You worshipped Trog.
Trog was extremely pleased with you.
You were hungry.

You visited 1 branch You collected 1936 gold pieces.
You spent 1470 gold pieces at shops.

Inventory:

Hand Weapons
 I - a +9 antimagic triple sword (weapon)
 P - a +2 triple sword of flaming
 Q - a +4 triple sword of electrocution
Missiles
 k - 5 stones (quivered)
 D - 5 poisoned javelins
 H - a throwing net
 M - 25 javelins of returning
Armour
 B - a +1 pair of gloves (worn)
 G - +3 shadow dragon scales (worn)
 K - the +0 pair of boots of Nushowkui (worn) {+Blink Int+2}
   (You found it in the Dungeon)

   It affects your intelligence (+2).
   It lets you blink.
 L - a +0 helmet of see invisible (worn)
 R - a scarf of cloud immunity (worn)
Jewellery
 j - the ring "Kuosuran" (left hand) {rPois rF+ rC+ Stlth+}
   (You found it in the Dungeon)

   [ring of poison resistance]

   It protects you from fire.
   It protects you from cold.
   It protects you from poison.
   It makes you more stealthy.
 q - the ring of the Princess (right hand) {-Tele rPois rN++ Str+6 Slay+5}
   (You found it in the Dungeon)

   [ring of poison resistance]

   It affects your strength (+6).
   It affects your accuracy and damage with ranged weapons and melee attacks
   (+5).
   It protects you from poison.
   It greatly protects you from negative energy.
   It prevents most forms of teleportation.
 A - an uncursed ring of protection from magic
 J - an amulet of regeneration (around neck)
Wands
 n - a wand of acid (7)
 C - a wand of iceblast (6)
Scrolls
 i - 3 scrolls of blinking
 m - 10 scrolls of remove curse
 y - 3 scrolls of identify
 z - 2 scrolls of fog
 N - 2 scrolls of fear
Potions
 a - a potion of lignification
 d - 7 potions of curing
 e - 14 potions of heal wounds
 f - 8 potions of haste
 g - 4 potions of magic
 h - 6 potions of berserk rage
 l - a potion of invisibility
 r - a potion of might
 v - 2 potions of brilliance
 w - 2 potions of mutation
Books
 p - a book of Flames

   Spells                             Type                      Level
   a - Flame Tongue                   Conjuration/Fire             1
   b - Throw Flame                    Conjuration/Fire             2
   c - Conjure Flame                  Conjuration/Fire             3
   d - Inner Flame                    Hexes/Fire                   3
   e - Sticky Flame                   Conjuration/Fire             4
   f - Fireball                       Conjuration/Fire             5
   Trog disapproves of the use of such an item.
Miscellaneous
 b - a lamp of fire
 o - a phial of floods
 u - a fan of gales
 E - a phantom mirror
Comestibles
 c - 12 rations
 s - 6 chunks of flesh


   Skills:
 + Level 26.3 Fighting
 - Level 24.0 Long Blades
 + Level 17.2 Throwing
 + Level 22.9 Armour
 + Level 21.9 Dodging
 + Level 20.1 Stealth
 + Level 23.0 Evocations


You had 17 spell levels left.
You didn't know any spells.

Dungeon Overview and Level Annotations

Branches:
Dungeon (1/1)

Altars:
Cheibriados
Dithmenos
Elyvilon
Fedhas
Gozag
Hepliaklqana
Kikubaaqudgha
Makhleb
Nemelex Xobeh
Okawaru
Qazlal
Ru
Sif Muna
Trog
Uskayaw
Vehumet
Wu Jian
Xom
Yredelemnul
Zin
The Shining One
Beogh
Jiyva
Lugonu

Shops:
D %[%}


Innate Abilities, Weirdness & Mutations

You have razor-sharp toenails.
You are mostly covered in molten scales. (AC +3)
You regenerate a lot of health from kills.
You are mostly covered in sharp spines.


Message History

The Orb Guardian hits your troll!!!
Your troll bites the Orb Guardian!
Your troll claws the Orb Guardian!!
Your troll claws the Orb Guardian but does no damage.
You feel much better. The Orb Guardian hits your troll.
Your troll dies!
Your troll's corpse disappears in a puff of smoke!
The Orb Guardian hits you!
* * * LOW HITPOINT WARNING * * *
Unknown command.
You feel much better.
The Orb Guardian is struck by your spines.
The Orb Guardian hits you!
* * * LOW HITPOINT WARNING * * *
The Orb Guardian barely misses you.
Unknown command.
Your deep troll goes berserk!
You feel quite a bit more hungry.
The Orb Guardian is struck by your spines.
The Orb Guardian hits you!!!
You die...

*,*,*,*,*,*,▓.▓.▓)▓.▓'▓.▓.▓.♣'
*,*,*,*,*,*,▓.▓.▓)▓.▓.▓.▓.▓.♣.
*,*,*,*,*,*,▓'▓.▓.▓.▓.▓.▓.▓.♣.
*,*,*,*,*,*,▓)▓.▓[▓.▓.▓.▓)▓.♣.
*,*,*,*,*,*,▓)▓.▓.▓[▓=▓.▓)▓.♣.
*,*,*,*,*,*,▓.▓.▓(▓.▓=▓.▓.▓.♣.
*,*,*,*,*,*,▓T▓.▓[▓.▓.▓.▓.▓.♣.
*,*,*,*,*,*,▓.▓.▓.▓.▓.▓.▓)▓.♣.
*,*,*,*,*+*,▓@▓.▓.▓.▓.▓.▓.▓.♣.
*,*,*,*,*,*,▓X▓.▓.▓.▓.▓.▓.▓.♣.
*,*,*,*,*,*,▓X▓.▓)▓.▓.▓.▓.▓.♣.
*,*,*+*,*,*,▓q▓.▓)▓.▓.▓.▓.▓.♣[
*,*,*,*,*,*,▓X▓.▓)▓.▓.▓.▓.▓.♣.
*,*,*,*,*,*,▓X▓.▓.▓.▓)▓.▓.▓.♣)
*,*,*,*,*,*,▓y▓.▓.▓.▓)▓.▓.▓.▓'
*,*,*,*,*,*,▓.▓.▓.▓)▓)▓.▓)▓.▓)
*,*,*,*,*,*,▓.▓.▓.▓)▓)▓.▓(▓.▓)


You could see 4 Orb Guardians, a yellow draconian scorcher, a moth of wrath and
a friendly deep troll (berserk).

Vanquished Creatures
  Mara (D)
  Boris (D)
  Margery (D)
  Frederick (D)
  Xtahua (D)
  3 golden dragons (D)
  Rupert (D)
  3 tentacled monstrosities (D)
  10 Orb Guardians (D)
  A titan (D)
  Kirke (D)
  Agnes (D)
  2 storm dragons (D)
  3 tengu reavers (D)
  6 shadow dragons (D)
  Donald (D)
  A thorn hunter (D)
  Ilsuiw (D)
  5 nagarajas (D)
  3 fire giants (D)
  2 draconian knights (D)
  A ghost moth (D)
  A frost giant (D)
  3 draconian scorchers (D)
  Louise (D)
  A draconian stormcaller (D)
  2 ironheart preservers (D)
  2 vault wardens (D)
  3 emperor scorpions (D)
  A very ugly thing (D)
  3 draconian shifters (D)
  6 stone giants (D)
  A draconian annihilator (D)
  4 green draconians (D)
  Azrael (D)
  4 red draconians (D)
  2 yellow draconians (D)
  A black draconian (D)
  4 white draconians (D)
  A spark wasp (D)
  Snorg (D)
  A purple draconian (D)
  A fire dragon (D)
  4 merfolk javelineers (D)
  An ettin (D)
  5 great orbs of eyes (D)
  Josephine (D)
  5 merfolk impalers (D)
  4 yaktaur captains (D)
  25 vault guards (D)
  An ice dragon (shapeshifter) (D)
  2 naga warriors (D)
  Erica (D)
  Erolcha (D)
  5 ice dragons (D)
  9 hydras (D)
  An alligator (D)
  A rakshasa (D)
  A spriggan air mage (D)
  A death knight (D)
  A centaur warrior (D)
  2 two-headed ogres (D)
  5 merfolk aquamancers (D)
  A tengu warrior (D)
  A death yak (D)
  2 ogre magi (D)
  A vampire mage (D)
  A spriggan berserker (D)
  A naga sharpshooter (D)
  4 orc high priests (D)
  Nergalle (D)
  4 hell knights (D)
  2 deep elf knights (D)
  2 unseen horrors (D)
  A flayed ghost (D)
  A sea snake (D)
  5 swamp dragons (D)
  3 orc knights (D)
  A spriggan druid (D)
  3 necromancers (D)
  2 mana vipers (D)
  2 ironbrand convokers (D)
  2 wolf spiders (D)
  2 manticores (D)
  7 moths of wrath (D)
  A deep elf mage (D)
  3 cyclopes (D)
  A black mamba (D)
  2 naga magi (D)
  A merfolk siren (D)
  2 vault sentinels (D)
  2 guardian serpents (D)
  2 spiny frogs (D)
  4 freezing wraiths (D)
  2 yaktaurs (D)
  3 demonic crawlers (D)
  A jumping spider (D)
  2 tengu conjurers (D)
  4 merfolk (D)
  A tyrant leech (D)
  A meliai (D)
  3 slime creatures (D)
  A bog body (D)
  A hippogriff (D)
  3 wraiths (D)
  2 tarantellas (D)
  4 fire elementals (D)
  A hog (D)
  A steam dragon (D)
  A vampire mosquito (D)
  5 nagas (D)
  4 acid dragons (D)
  A water moccasin (D)
  2 hell hounds (D)
  A sky beast (D)
  8 orc warriors (D)
  An ice beast (D)
  2 centaurs (D)
  2 ogres (D)
  A boggart (D)
  3 crocodiles (D)
  A bullfrog (D)
  5 orc priests (D)
  3 orc wizards (D)
  A gnoll (D)
  A shadow imp (D)
  An adder zombie (D)
  2 leopard geckos (D)
  8 orcs (D)
  A bat skeleton (D)
  A bat zombie (D)
  A giant cockroach (D)
  A ball python simulacrum (D)
  A bat (D)
  A frilled lizard (D)
  A giant cockroach simulacrum (D)
  A kobold (D)
328 creatures vanquished.

Vanquished Creatures (collateral kills)
  Sojobo (D)
  A tengu reaver (D)
  A shadow dragon (D)
  An entropy weaver (D)
  A hydra (D)
  2 catoblepae (D)
  7 orc high priests (D)
  2 death yaks (D)
  A swamp dragon (D)
  A wolf spider (D)
  2 orb spiders (D)
  An elephant (D)
  A vault sentinel (D)
  2 spiny frogs (D)
  A komodo dragon (D)
  A hippogriff (D)
  2 redbacks (D)
  5 yaks (D)
  2 water moccasins (D)
  3 orc warriors (D)
  A crocodile (D)
  2 bullfrogs (D)
  An orc priest (D)
42 creatures vanquished.

Vanquished Creatures (others)
  A draconian annihilator (D)
1 creature vanquished.

Grand Total: 371 creatures vanquished

Notes
Turn   | Place    | Note
-------+----------+-------------------------------------------
     0 | D        | tsouns the Demonspawn Berserker began the quest for the Orb.
     0 | D        | Reached XP level 1. HP: 18/18 MP: 1/1
     7 | D        | Reached ** piety under Trog
   230 | D        | Noticed an ogre
   236 | D        | Killed an ogre
   236 | D        | Reached skill level 6 in Fighting
   236 | D        | Reached skill level 5 in Long Blades
   236 | D        | Gained mutation: You are partially covered in sharp spines. [demonic ancestry]
   236 | D        | Reached XP level 2. HP: 28/28 MP: 2/2
   236 | D        | Gained mutation: You regenerate a little health from kills. [demonic ancestry]
   236 | D        | Reached XP level 3. HP: 34/34 MP: 3/3
   236 | D        | Reached XP level 4. HP: 40/40 MP: 4/4
   238 | D        | Reached *** piety under Trog
   276 | D        | Found a roughly hewn altar of Beogh.
   276 | D        | Found a snail-covered altar of Cheibriados.
   276 | D        | Found a shadowy altar of Dithmenos.
   276 | D        | Found a white marble altar of Elyvilon.
   276 | D        | Found a blossoming altar of Fedhas.
   276 | D        | Found an opulent altar of Gozag.
   277 | D        | Found a hazy altar of Hepliaklqana.
   278 | D        | Found a viscous altar of Jiyva.
   279 | D        | Found an ancient bone altar of Kikubaaqudgha.
   280 | D        | Found a corrupted altar of Lugonu.
   281 | D        | Found a burning altar of Makhleb.
   282 | D        | Found a sparkling altar of Nemelex Xobeh.
   283 | D        | Found an iron altar of Okawaru.
   284 | D        | Found a stormy altar of Qazlal.
   285 | D        | Found a sacrificial altar of Ru.
   286 | D        | Found a deep blue altar of Sif Muna.
   287 | D        | Found a bloodstained altar of Trog.
   288 | D        | Found a hide-covered altar of Uskayaw.
   289 | D        | Found a radiant altar of Vehumet.
   290 | D        | Found an ornate altar of the Wu Jian Council.
   291 | D        | Found a shimmering altar of Xom.
   292 | D        | Found a basalt altar of Yredelemnul.
   293 | D        | Found a glowing silver altar of Zin.
   294 | D        | Found a glowing golden altar of the Shining One.
   347 | D        | Noticed an ice beast
   347 | D        | Noticed an ogre
   347 | D        | Noticed a steam dragon
   347 | D        | Noticed a centaur
   347 | D        | Noticed a hippogriff
   353 | D        | Killed an ice beast
   353 | D        | Reached **** piety under Trog
   353 | D        | Reached skill level 7 in Fighting
   353 | D        | Gained mutation: You are mostly covered in sharp spines. [demonic ancestry]
   353 | D        | Reached XP level 5. HP: 49/49 MP: 5/5
   356 | D        | Killed an ogre
   356 | D        | Reached skill level 8 in Fighting
   356 | D        | Gained mutation: You regenerate health from kills. [demonic ancestry]
   356 | D        | Reached XP level 6. HP: 57/57 MP: 6/6
   362 | D        | Killed a steam dragon
   362 | D        | Reached skill level 9 in Fighting
   364 | D        | Reached ***** piety under Trog
   366 | D        | Killed a hippogriff
   366 | D        | Reached skill level 10 in Fighting
   366 | D        | Reached skill level 10 in Long Blades
   366 | D        | Reached skill level 5 in Dodging
   366 | D        | Gained mutation: You regenerate a lot of health from kills. [demonic ancestry]
   366 | D        | Reached XP level 7. HP: 67/67 MP: 7/7
   405 | D        | Noticed a vampire mosquito
   405 | D        | Noticed a cyclops
   407 | D        | Killed a vampire mosquito
   418 | D        | Reached skill level 11 in Fighting
   422 | D        | Killed a cyclops
   422 | D        | Reached XP level 8. HP: 76/76 MP: 8/8
   493 | D        | Noticed Josephine
   502 | D        | Killed Josephine
   502 | D        | Reached ****** piety under Trog
   502 | D        | Received a gift from Trog
   502 | D        | Reached skill level 12 in Fighting
   502 | D        | Reached skill level 5 in Armour
   502 | D        | Gained mutation: You are partially covered in molten scales. (AC +2) [demonic ancestry]
   502 | D        | Reached XP level 9. HP: 81/84 MP: 9/9
   505 | D        | Reached skill level 1 in Evocations
   626 | D        | Noticed a spiny frog
   626 | D        | Noticed a komodo dragon
   631 | D        | Killed a spiny frog
   631 | D        | Reached skill level 13 in Fighting
   637 | D        | Killed a komodo dragon
   637 | D        | Received a gift from Trog
   638 | D        | Noticed an elephant
   644 | D        | Killed an elephant
   662 | D        | Noticed a spiny frog
   666 | D        | Killed a spiny frog
   667 | D        | Noticed a spiny frog
   675 | D        | Received a gift from Trog
   679 | D        | Killed a spiny frog
   679 | D        | Reached XP level 10. HP: 93/93 MP: 7/11
   705 | D        | Noticed a death yak
   705 | D        | Noticed a catoblepas
   705 | D        | Noticed a catoblepas
   708 | D        | Killed a catoblepas
   708 | D        | Reached skill level 14 in Fighting
   709 | D        | Noticed a death yak
   709 | D        | Killed a death yak
   709 | D        | Reached skill level 15 in Long Blades
   710 | D        | Killed a catoblepas
   711 | D        | Noticed a death yak
   711 | D        | Received a gift from Trog
   713 | D        | Killed a death yak
   716 | D        | Killed a death yak
   788 | D        | Noticed Erolcha
   800 | D        | Killed Erolcha
   824 | D        | Noticed Erica
   833 | D        | Killed Erica
   833 | D        | Received a gift from Trog
   878 | D        | Received a gift from Trog
   882 | D        | Reached XP level 11. HP: 99/101 MP: 9/13
   884 | D        | Received a gift from Trog
   894 | D        | Received a gift from Trog
   939 | D        | Noticed an orc knight
   948 | D        | Killed an orc knight
   948 | D        | Reached skill level 15 in Fighting
   952 | D        | Noticed an orc high priest
   958 | D        | Noticed a sun demon
   969 | D        | Noticed an orc high priest
   974 | D        | Killed an orc high priest
   979 | D        | Received a gift from Trog
   989 | D        | Killed an orc high priest
  1034 | D        | Found Dafaiji's Food Emporium.
  1034 | D        | Noticed an orc high priest
  1034 | D        | Noticed an orc high priest
  1034 | D        | Noticed an orc high priest
  1034 | D        | Noticed an orc high priest
  1034 | D        | Noticed an orc high priest
  1035 | D        | Noticed an orc high priest
  1037 | D        | Killed an orc high priest
  1037 | D        | Reached skill level 10 in Armour
  1040 | D        | Killed an orc high priest
  1052 | D        | Killed an orc high priest
  1052 | D        | Received a gift from Trog
  1057 | D        | Killed an orc high priest
  1058 | D        | Noticed an orc high priest
  1059 | D        | Killed an orc high priest
  1061 | D        | Noticed an orc high priest
  1064 | D        | Killed an orc high priest
  1065 | D        | Killed an orc high priest
  1069 | D        | Noticed an orc high priest
  1069 | D        | Killed an orc high priest
  1069 | D        | Reached skill level 16 in Fighting
  1073 | D        | Noticed a sun demon
  1074 | D        | Found Woosmofick's Antique Armour Shoppe.
  1075 | D        | Killed an orc high priest
  1079 | D        | Found Henufeab's Food Emporium.
  1083 | D        | Found Soadic's Gadget Shoppe.
  1096 | D        | Received a gift from Trog
  1149 | D        | Bought a ration for 50 gold pieces
  1149 | D        | Bought a ration for 50 gold pieces
  1149 | D        | Bought a ration for 50 gold pieces
  1155 | D        | Bought a lamp of fire for 440 gold pieces
  1155 | D        | Bought a phial of floods for 440 gold pieces
  1155 | D        | Bought a fan of gales for 440 gold pieces
  1354 | D        | Noticed a two-headed ogre
  1354 | D        | Noticed a two-headed ogre
  1356 | D        | Killed an unseen horror
  1356 | D        | Reached skill level 1 in Stealth
  1366 | D        | Killed a two-headed ogre
  1366 | D        | Received a gift from Trog
  1366 | D        | Reached XP level 12. HP: 111/111 MP: 5/15
  1379 | D        | Noticed a great orb of eyes
  1379 | D        | Killed a two-headed ogre
  1383 | D        | Noticed an ice dragon
  1389 | D        | Reached skill level 5 in Evocations
  1391 | D        | Noticed a stone giant
  1401 | D        | Killed a great orb of eyes
  1409 | D        | Killed an ice dragon
  1418 | D        | Reached skill level 5 in Stealth
  1425 | D        | Killed a stone giant
  1471 | D        | Noticed Donald
  1490 | D        | Killed Donald
  1490 | D        | Received a gift from Trog
  1670 | D        | Noticed Nergalle
  1681 | D        | Killed Nergalle
  1681 | D        | Reached skill level 17 in Fighting
  1707 | D        | Noticed Agnes
  1715 | D        | Killed Agnes
  1767 | D        | Received a gift from Trog
  1793 | D        | Noticed a merfolk aquamancer
  1793 | D        | Noticed a merfolk impaler
  1793 | D        | Noticed a merfolk impaler
  1803 | D        | Killed a merfolk aquamancer
  1803 | D        | Received a gift from Trog
  1804 | D        | Reached XP level 13. HP: 38/120 MP: 5/19
  1805 | D        | Killed a merfolk impaler
  1805 | D        | Killed a merfolk impaler
  1833 | D        | Received a gift from Trog
  1833 | D        | Reached skill level 10 in Dodging
  1870 | D        | Noticed a thorn hunter
  1877 | D        | Killed a thorn hunter
  1878 | D        | Received a gift from Trog
  1952 | D        | Reached skill level 10 in Evocations
  1953 | D        | Reached skill level 18 in Fighting
  1956 | D        | Received a gift from Trog
  1979 | D        | Received a gift from Trog
  2049 | D        | Noticed Azrael
  2059 | D        | Killed Azrael
  2059 | D        | Reached skill level 10 in Stealth
  2090 | D        | Noticed Rupert
  2103 | D        | Killed Rupert
  2103 | D        | Received a gift from Trog
  2168 | D        | Noticed a stone giant
  2168 | D        | Noticed a stone giant
  2168 | D        | Noticed a fire giant
  2180 | D        | Killed a stone giant
  2181 | D        | Killed a stone giant
  2181 | D        | Gained mutation: You have sharp toenails. [demonic ancestry]
  2181 | D        | Reached XP level 14. HP: 131/131 MP: 7/22
  2193 | D        | Killed a fire giant
  2193 | D        | Received a gift from Trog
  2194 | D        | Noticed a frost giant
  2204 | D        | Noticed a stone giant
  2206 | D        | Killed a frost giant
  2215 | D        | Killed a stone giant
  2227 | D        | Received a gift from Trog
  2261 | D        | Reached skill level 19 in Fighting
  2278 | D        | Received a gift from Trog
  2344 | D        | Received a gift from Trog
  2375 | D        | Noticed a tengu reaver
  2378 | D        | Noticed a storm dragon
  2380 | D        | Noticed a stone giant
  2380 | D        | Noticed a green very ugly thing
  2385 | D        | Killed a tengu reaver
  2385 | D        | Reached skill level 15 in Armour
  2387 | D        | Killed a green very ugly thing
  2388 | D        | Received a gift from Trog
  2395 | D        | Killed a storm dragon
  2395 | D        | Killed a stone giant
  2649 | D        | Received a gift from Trog
  2665 | D        | Got the +0 pair of boots of Nushowkui {+Blink Int+2}
  2847 | D        | Noticed Snorg
  2857 | D        | Killed Snorg
  2863 | D        | Noticed Sojobo
  2865 | D        | Noticed a tengu reaver
  2866 | D        | Noticed a tengu reaver
  2874 | D        | Noticed Louise
  2899 | D        | Killed Sojobo
  2901 | D        | Killed a tengu reaver
  2901 | D        | Reached skill level 20 in Fighting
  2901 | D        | Gained mutation: You are mostly covered in molten scales. (AC +3) [demonic ancestry]
  2901 | D        | Reached XP level 15. HP: 62/141 MP: 8/25
  2909 | D        | Killed a tengu reaver
  2909 | D        | Received a gift from Trog
  2911 | D        | Killed Louise
  3147 | D        | Received a gift from Trog
  3423 | D        | Got a decaying rune of Zot
  3468 | D        | Noticed a nagaraja
  3468 | D        | Noticed a nagaraja
  3468 | D        | Noticed a nagaraja
  3469 | D        | Noticed a nagaraja
  3475 | D        | Noticed a nagaraja
  3478 | D        | Killed a nagaraja
  3478 | D        | Received a gift from Trog
  3481 | D        | Killed a nagaraja
  3484 | D        | Received a gift from Trog
  3485 | D        | Killed a nagaraja
  3485 | D        | Reached skill level 15 in Evocations
  3486 | D        | Killed a nagaraja
  3488 | D        | Killed a nagaraja
  3488 | D        | Received a gift from Trog
  3488 | D        | Reached skill level 15 in Dodging
  3519 | D        | Reached skill level 15 in Stealth
  3546 | D        | Got a serpentine rune of Zot
  3554 | D        | Noticed Ilsuiw
  3560 | D        | Received a gift from Trog
  3578 | D        | Killed Ilsuiw
  3578 | D        | Reached skill level 21 in Fighting
  3583 | D        | Received a gift from Trog
  3621 | D        | Received a gift from Trog
  3624 | D        | Got a barnacled rune of Zot
  3663 | D        | Noticed a ghost moth
  3666 | D        | Killed a ghost moth
  3666 | D        | Reached skill level 1 in Throwing
  3685 | D        | Received a gift from Trog
  3703 | D        | Got a gossamer rune of Zot
  3741 | D        | Noticed Margery
  3749 | D        | Received a gift from Trog
  3764 | D        | Killed Margery
  3764 | D        | Received a gift from Trog
  3764 | D        | Reached skill level 5 in Throwing
  3764 | D        | Gained mutation: You have razor-sharp toenails. [demonic ancestry]
  3764 | D        | Reached XP level 16. HP: 147/153 MP: 9/28
  3869 | D        | Received a gift from Trog
  3903 | D        | Received a gift from Trog
  3905 | D        | Reached skill level 22 in Fighting
  3914 | D        | Received a gift from Trog
  3983 | D        | Received a gift from Trog
  3987 | D        | Received a gift from Trog
  3997 | D        | Received a gift from Trog
  4067 | D        | Noticed a titan
  4073 | D        | Received a gift from Trog
  4077 | D        | Received a gift from Trog
  4082 | D        | Received a gift from Trog
  4086 | D        | Killed a titan
  4098 | D        | Noticed a shadow dragon
  4108 | D        | Received a gift from Trog
  4119 | D        | Killed a shadow dragon
  4119 | D        | Received a gift from Trog
  4128 | D        | Reached skill level 10 in Throwing
  4145 | D        | Noticed a shadow dragon
  4163 | D        | Killed a shadow dragon
  4164 | D        | Received a gift from Trog
  4202 | D        | Noticed a shadow dragon
  4202 | D        | Noticed a shadow dragon
  4202 | D        | Noticed a shadow dragon
  4206 | D        | Noticed a shadow dragon
  4215 | D        | Killed a shadow dragon
  4215 | D        | Reached skill level 23 in Fighting
  4219 | D        | Received a gift from Trog
  4223 | D        | Killed a shadow dragon
  4225 | D        | Killed a shadow dragon
  4231 | D        | Killed a shadow dragon
  4242 | D        | Received a gift from Trog
  4267 | D        | Got a silver rune of Zot
  4270 | D        | Identified the cursed +1 great sword "Killer Klown's Curse" {slice, Dex+4} (You took it off an entropy weaver in the Dungeon)
  4299 | D        | Noticed Frederick
  4314 | D        | Killed Frederick
  4314 | D        | Reached XP level 17. HP: 164/164 MP: 10/30
  4376 | D        | Got the ring "Kuosuran" {rPois rF+ rC+ Stlth+}
  4381 | D        | Got the ring of the Princess {-Tele rPois rN++ Str+6 Slay+5}
  4389 | D        | Got the ring "Recunnu" {Ice *Contam Str+4 Dex+7}
  4394 | D        | Got the ring "Kengouma" {+Blink rC+ Str-3 SInv}
  4401 | D        | Got the ring of Doaduyzu {Ice +Inv}
  4490 | D        | Noticed Xtahua
  4501 | D        | Paralysed by Xtahua for 6 turns
  4508 | D        | Killed Xtahua
  4615 | D        | Noticed Kirke
  4624 | D        | Killed Kirke
  4624 | D        | Received a gift from Trog
  4666 | D        | Noticed Mara
  4676 | D        | Killed Mara
  4676 | D        | Received a gift from Trog
  4684 | D        | Noticed Boris
  4699 | D        | Killed Boris
  4725 | D        | Reached skill level 24 in Fighting
  4726 | D        | Received a gift from Trog
  4727 | D        | Got a brightly glowing glaive {god gift}
  4763 | D        | Received a gift from Trog
  4769 | D        | Received a gift from Trog
  4780 | D        | Noticed a golden dragon
  4782 | D        | Received a gift from Trog
  4800 | D        | Killed a golden dragon
  4826 | D        | Received a gift from Trog
  4883 | D        | Received a gift from Trog
  4906 | D        | Received a gift from Trog
  4912 | D        | Identified the +7 great sword "Ogre's Death Toll" {speed, MR- Dex+3} (Trog gifted it to you in the Dungeon)
  4928 | D        | Noticed a golden dragon
  4928 | D        | Noticed a tentacled monstrosity
  4935 | D        | Reached skill level 25 in Fighting
  4942 | D        | Reached skill level 15 in Throwing
  4947 | D        | Killed a golden dragon
  4947 | D        | Reached XP level 18. HP: 177/177 MP: 10/32
  4949 | D        | Killed a tentacled monstrosity
  4949 | D        | Received a gift from Trog
  4974 | D        | Noticed a golden dragon
  4981 | D        | Killed a golden dragon
  4981 | D        | Received a gift from Trog
  4988 | D        | Received a gift from Trog
  5116 | D        | Noticed an Orb Guardian
  5116 | D        | Noticed an Orb Guardian
  5116 | D        | Noticed an Orb Guardian
  5116 | D        | Noticed an Orb Guardian
  5116 | D        | Noticed an Orb Guardian
  5116 | D        | Noticed an Orb Guardian
  5117 | D        | Noticed an Orb Guardian
  5118 | D        | Killed an Orb Guardian
  5118 | D        | Received a gift from Trog
  5119 | D        | Noticed an Orb Guardian
  5123 | D        | Killed an Orb Guardian
  5127 | D        | Killed an Orb Guardian
  5127 | D        | Received a gift from Trog
  5128 | D        | Noticed an Orb Guardian
  5131 | D        | Killed an Orb Guardian
  5138 | D        | Killed an Orb Guardian
  5139 | D        | Killed an Orb Guardian
  5141 | D        | Noticed an Orb Guardian
  5145 | D        | Killed an Orb Guardian
  5145 | D        | Reached skill level 26 in Fighting
  5149 | D        | Killed an Orb Guardian
  5149 | D        | Received a gift from Trog
  5155 | D        | Killed an Orb Guardian
  5158 | D        | Killed an Orb Guardian
  5176 | D        | Noticed a tentacled monstrosity
  5176 | D        | Noticed a tentacled monstrosity
  5176 | D        | Noticed an Orb Guardian
  5176 | D        | Noticed an Orb Guardian
  5177 | D        | Noticed an Orb Guardian
  5179 | D        | Killed a tentacled monstrosity
  5180 | D        | Noticed an Orb Guardian
  5187 | D        | Killed a tentacled monstrosity
  5198 | D        | HP: 7/179 [Orb Guardian (13)]
  5202 | D        | Annihilated by an Orb Guardian

Vault maps used:
D:        linesprint

Skill      XL: |  1  2  3  4  5  6  7  8  9 10 11 12 13 14 15 16 17 18 |
---------------+-------------------------------------------------------+-----
Long Blades    | 5 7 8 10 11 13 14 16 18 19 20 21 22 23 24 | 24.0
Armour         | 2 3 4 5 7 9 10 12 13 15 17 19 21 22 | 22.9
Dodging        | 3 4 5 6 7 9 11 13 16 18 20 21 | 21.9
Fighting       | 6 7 8 10 11 12 13 14 16 17 18 20 21 23 25 26 | 26.3
Evocations     | 2 3 4 8 11 13 16 19 21 23 | 23.0
Stealth        | 2 7 10 13 15 18 20 | 20.1
Throwing       | 5 11 15 17 | 17.2

Action                   |  1- 3 |  4- 6 |  7- 9 | 10-12 | 13-15 | 16-18 || total
-------------------------+-------+-------+-------+-------+-------+-------++-------
Melee: Falchion          |    20 |     5 |       |       |       |       ||    25
       Scimitar          |       |    17 |    27 |       |       |       ||    44
       Triple sword      |       |       |     7 |    27 |   161 |   516 ||   711
       Great sword       |       |       |     3 |   167 |   171 |       ||   341
Throw: Stone             |       |       |       |       |     1 |     1 ||     2
Invok: Berserk           |     1 |     1 |     2 |     2 |       |       ||     6
       Brothers in Arms  |       |       |     1 |     4 |     3 |     4 ||    12
       Trog's Hand       |       |       |       |     1 |     1 |       ||     2
 Abil: Evoke Blink       |       |       |       |       |     2 |       ||     2
Evoke: Wand              |       |       |     3 |       |       |       ||     3
       Lamp of fire      |       |       |       |     1 |    14 |     4 ||    19
       Phial of floods   |       |       |       |       |     2 |       ||     2
  Use: Scroll            |       |       |     2 |     2 |     5 |     9 ||    18
       Potion            |       |       |       |     1 |     3 |     2 ||     6
 Stab: Sleeping          |       |       |       |     2 |     2 |     4 ||     8
       Distracted        |       |       |       |       |     1 |       ||     1
  Eat: Chunk             |       |       |     3 |     4 |     3 |     5 ||    15
       Ration            |       |       |       |     1 |     2 |       ||     3
Armor: Animal skin       |     1 |       |       |       |       |       ||     1
       Plate armour      |       |     5 |     6 |    24 |       |       ||    35
       Shadow dragon sca |       |       |       |    31 |   174 |   163 ||   368
Dodge: Dodged            |    13 |     9 |    18 |    66 |   249 |   239 ||   594
       Rpst.: Falchion   |     7 |     1 |       |       |       |       ||     8
       Scimitar          |       |       |     4 |       |       |       ||     4
       Triple sword      |       |       |     2 |     2 |    11 |    47 ||    62
       Great sword       |       |       |       |    13 |    16 |       ||    29

Table legend:
 A = Spawn XP
 B = Non-spawn XP
 C = Spawn XP percentage of total XP
 D = Spawn monster count
 E = Non-spawn monster count
 F = Spawn count percentage of total count
 G = Total turns spent on level
                    A         B        C        D         E        F      G
               +---------+---------+-------+---------+---------+-------+---------
         Total |       0 |  346727 |   0.0 |       0 |     371 |   0.0 |  5202
               +---------+---------+-------+---------+---------+-------+---------
             D |       0 |  346727 |   0.0 |       0 |     371 |   0.0 |  5202
               +---------+---------+-------+---------+---------+-------+---------
